 Dungeon Crawl Stone Soup version 0.24-a0-139-geb6712d (webtiles) character file.

Game seed: 9722405114678484109

9328 Anon1729 the Covert (level 11, -9/77 HPs)
             Began as an Octopode Fighter on Mar 2, 2019.
             Was a Priest of Ru.
             Mangled by a komodo dragon (32 damage)
             ... on level 1 of the Lair of Beasts.
             The game lasted 00:28:16 (12196 turns).

Anon1729 the Covert (Octopode Fighter)             Turns: 12196, Time: 00:28:17

Health: -9/77      AC:  1    Str: 26    XL:     11   Next: 44%
Magic:  11/11      EV: 19    Int: 11    God:    Ru [***...]
Gold:   468        SH: 11    Dex: 13    Spells: 5/10 levels left

rFire    + . .     SeeInvis .     - Unarmed
rCold    . . .     Gourm    .   a - +0 shield
rNeg     . . .     Faith    .   (helmet restricted)
rPois    .         Spirit   .   (no amulet)
rElec    .         Reflect  .   f - +3 ring of evasion
rCorr    .         Harm     .   A - ring of protection from fire
MR       .....                  E - +4 ring of strength
Stlth    +++++.....             I - ring of protection from magic
HPRegen  0.22/turn              M - +5 ring of strength
MPRegen  0.12/turn              (no ring)
                                (no ring)
                                (no ring)

@: lightly drained
A: almost no armour, stealthy swim, amphibious, 8 rings, constrict 8, camouflage
1, gelatinous body 1, no charms magic, no hexes magic, no poison magic, magic
vulnerability 1, unskilled 1
a: Draw Out Power, Renounce Religion


You were on level 1 of the Lair of Beasts.
You worshipped Ru.
Ru was most pleased with you.
You were not hungry.

You visited 3 branches of the dungeon, and saw 12 of its levels.

You collected 500 gold pieces.
You spent 32 gold pieces at shops.

Inventory:

Hand Weapons
 i - a +3 dagger
 L - a +0 dagger of distortion
Armour
 a - a +0 shield (worn)
Jewellery
 f - a +3 ring of evasion (left tentacle)
 A - a ring of protection from fire (right tentacle)
 E - a +4 ring of strength (on tentacle)
 G - the amulet "Kocata" {Inacc +Inv}
   (You found it on level 6 of the Dungeon)

   [amulet of inaccuracy]

   It reduces the accuracy of all your attacks.
   It lets you turn invisible.
 I - a ring of protection from magic (on tentacle)
 M - a +5 ring of strength (on tentacle)
Wands
 j - a wand of random effects (15)
 v - a wand of iceblast (2)
 B - a wand of polymorph (8)
 H - a wand of flame (20)
 K - a wand of disintegration (8)
 N - a wand of digging (3)
Scrolls
 k - 3 scrolls of amnesia
 l - a scroll of identify
 m - a scroll of blinking {unknown}
 o - 2 scrolls of fog
 p - 3 scrolls of random uselessness
 q - 3 scrolls of immolation
 s - a scroll of enchant armour {unknown}
 u - 2 scrolls of magic mapping
 y - 5 scrolls of remove curse
 C - 2 scrolls of noise
 F - 2 scrolls of teleportation {unknown}
 J - a scroll of summoning {unknown}
Potions
 b - a potion of might
 d - a potion of ambrosia {unknown}
 e - 2 potions of heal wounds
 g - 2 potions of agility {unknown}
 h - 3 potions of flight
 n - 2 potions of lignification
 r - 2 potions of brilliance
 t - a potion of mutation {unknown}
 z - a potion of cancellation {unknown}
 D - 2 potions of magic {unknown}
Comestibles
 c - 22 rations
 w - 11 chunks of flesh


   Skills:
 + Level 7.8(7.4) Fighting
 + Level 7.8(7.5) Dodging
 + Level 10.1(9.7) Stealth
 + Level 7.8(7.4) Shields
 + Level 7.4(7.1) Unarmed Combat


You had 5 spell levels left.
You knew the following spells:

 Your Spells              Type           Power        Failure   Level  Hunger
a - Song of Slaying       Chrm           #.......     80%         2    ###....
b - Shroud of Golubria    Chrm/Tloc      #.........   80%         2    ###....
c - Magic Dart            Conj           #...         67%         1    ##.....

Your spell library contained the following spells:

 Spells                   Type           Power        Failure   Level  Hunger
 Animate Skeleton         Necr           N/A          67%         1    ##.....
 Pain                     Necr           #...         67%         1    ##.....
 Sandblast                Erth           #.....       67%         1    ##.....
 Passwall                 Tmut/Erth      #.......     80%         2    ###....
 Searing Ray              Conj           #.....       80%         2    ###....
 Stone Arrow              Conj/Erth      #.....       95%         3    ####...
 Vampiric Draining        Necr           #.........   95%         3    ####...
 Animate Dead             Necr           N/A          100%        4    #####..
 Force Lance              Conj/Tloc      #.......     100%        4    #####..
 Iskenderun's Mystic Bla  Conj           #.......     100%        4    #####..
 Petrify                  Tmut/Erth      #.......     100%        4    #####..
 Lee's Rapid Deconstruct  Erth           #.........   100%        5    ######.
 Infusion                 Chrm           Unusable     N/A         1    N/A
 Sting                    Conj/Pois      Unusable     N/A         1    N/A
 Poisonous Vapours        Pois/Air       Unusable     N/A         2    N/A
 Dazzling Spray           Conj/Hex       Unusable     N/A         3    N/A
 Mephitic Cloud           Conj/Pois/Air  Unusable     N/A         3    N/A
 Regeneration             Chrm/Necr      Unusable     N/A         3    N/A
 Spectral Weapon          Hex/Chrm       Unusable     N/A         3    N/A
 Fulminant Prism          Conj/Hex       Unusable     N/A         4    N/A
 Olgreb's Toxic Radiance  Pois           Unusable     N/A         4    N/A
 Venom Bolt               Conj/Pois      Unusable     N/A         5    N/A

Dungeon Overview and Level Annotations

Branches:
Dungeon (10/15)            Temple (1/1) D:5            Lair (1/6) D:10
    Orc (0/2) D:9

Altars:
Ashenzari
Cheibriados
Dithmenos
Elyvilon
Fedhas
Gozag
Hepliaklqana
Kikubaaqudgha
Makhleb
Nemelex Xobeh
Okawaru
Qazlal
Ru
Sif Muna
Trog
Uskayaw
Vehumet
Wu Jian
Xom
Yredelemnul
Zin
The Shining One

Shops:
D:4 =*:   D:10 }}=(%

Annotations:
D:8 exclusion: door
D:9 1 runed translucent door, emperorscorpion's ghost, novice VSSk
D:10 Snorg


Innate Abilities, Weirdness & Mutations

You cannot wear most types of armour.
You are very stealthy in the water. (Stealth+)
You are amphibious.
You can wear up to eight rings at the same time.
You can use your tentacles to constrict eight enemies at once.
Your skin changes colour to match your surroundings (Stealth+).
Your rubbery body absorbs attacks. (AC +1, EV +1)
You cannot study or cast Charms magic.
You cannot study or cast Hexes magic.
You cannot study or cast Poison magic.
You are slightly vulnerable to magic. (MR-)
You are somewhat unskilled. (-1 Apt)


Message History

You tentacle-slap the komodo dragon.
The komodo dragon is moderately wounded.
You block the komodo dragon's attack.
You bludgeon the komodo dragon!
The komodo dragon is heavily wounded.
You block the komodo dragon's attack.
You tentacle-slap the komodo dragon but do no damage.
The komodo dragon is heavily wounded.
The komodo dragon bites you!
You bludgeon the komodo dragon! You squeeze the komodo dragon.
The komodo dragon is almost dead.
You block the komodo dragon's attack.
You closely miss the komodo dragon.
The komodo dragon is almost dead.
The komodo dragon bites you!
* * * LOW HITPOINT WARNING * * *
You tentacle-slap the komodo dragon but do no damage.
The komodo dragon is almost dead.
The komodo dragon bites you!!
You die...

..#######..##.....# *,,,,,,,,,,
.## ###..##.##* *********,,
##****** ##..##.### *****
***,,,,** ##....#.## *####,**,
*,,,,,,,** #^.......#####....,,,,
,,,,,,,,,**##.....#..........,,,,
,,,,,,,,,∩* #....##..........,,,,
,,,,,,,,,**##...l##..........,,,,
,,,,,,,,,* #....@.##..........,,,
**,*,,,,*###......##..........,,,
*****,**##.........#..........,,,
,** ***,..........###.........,,,
,,* *,,,...........#...........,,
,,* *,,,..........###...........,
,,****,...........# #............
,,**,,,,..........# #............
,,,,,,,,..........# ##...........


You could see a komodo dragon.

Vanquished Creatures
  Pikel (D:5)
  A centaur zombie (D:10)
  Psyche (D:10)
  A spiny frog (Lair:1)
  A troll (D:9)
  A blink frog (Lair:1)
  5 hippogriffs
  A human (D:9)
  4 hogs (D:9)
  6 yaks (D:10)
  2 basilisks
  3 hungry ghosts
  Menkaure (D:4)
  A water moccasin (Lair:1)
  Duvessa (D:7)
  A porcupine (D:10)
  An ice beast (D:10)
  3 orc warriors
  3 phantoms
  A sky beast (D:6)
  An eye of draining (D:10)
  4 ogres
  5 crocodiles
  9 bullfrogs
  Dowan (D:7)
  4 scorpions
  3 killer bees (D:8)
  A water moccasin skeleton (D:9)
  A howler monkey (D:10)
  2 crimson imps
  2 bullfrog skeletons
  A quasit (D:7)
  3 orc priests
  5 hounds
  2 centaur skeletons
  4 orc wizards
  3 iguanas
  Ijyb (D:4)
  7 worker ants
  A killer bee zombie (D:6)
  2 hound zombies
  A worker ant zombie (D:3)
  3 gnolls (D:6)
  13 adders
  A shadow imp (D:5)
  2 oozes
  7 adder skeletons
  3 worms
  8 leopard geckos
  18 orcs
  A ball python (D:5)
  6 giant cockroaches
  7 goblins
  7 hobgoblins
  19 jackals
  7 quokkas
  8 bats
  5 frilled lizards
  A giant cockroach zombie (D:5)
  6 kobolds
  A leopard gecko skeleton (D:5)
  3 leopard gecko zombies
  3 quokka skeletons
  20 rats
  A plant (D:10)
252 creatures vanquished.

Vanquished Creatures (others)
  A komodo dragon (Lair:1)
  A wraith (D:10)
  A yak (D:10)
  An adder (D:5)
  A dart slug (D:5)
  An orc (D:9)
  3 fungi
  17 plants
26 creatures vanquished.

Grand Total: 278 creatures vanquished

Notes
Turn   | Place    | Note
-------+----------+-------------------------------------------
     0 | D:1      | Anon1729 the Octopode Fighter began the quest for the Orb.
     0 | D:1      | Reached XP level 1. HP: 16/16 MP: 1/1
    36 | D:1      | Reached XP level 2. HP: 16/21 MP: 2/2
   654 | D:1      | Reached XP level 3. HP: 21/26 MP: 3/3
   657 | D:1      | Reached skill level 1 in Stealth
  1218 | D:2      | Found a faded altar of an unknown god.
  1232 | D:2      | Reached XP level 4. HP: 22/31 MP: 4/4
  1244 | D:2      | Reached skill level 2 in Stealth
  1786 | D:3      | Reached XP level 5. HP: 31/37 MP: 5/5
  2266 | D:4      | Noticed Ijyb
  2272 | D:4      | Killed Ijyb
  2282 | D:4      | Found an opulent altar of Gozag.
  2322 | D:4      | Reached skill level 3 in Stealth
  2325 | D:4      | Reached XP level 6. HP: 30/43 MP: 6/6
  2436 | D:4      | Noticed Menkaure
  2442 | D:4      | Killed Menkaure
  2571 | D:4      | Found Xeil's General Store.
  2629 | D:4      | Reached skill level 4 in Stealth
  2629 | D:4      | Reached XP level 7. HP: 49/49 MP: 7/7
  2752 | D:4      | Found Kotzemi's Jewellery Shop.
  2976 | D:5      | Entered Level 5 of the Dungeon
  3403 | D:5      | Found a staircase to the Ecumenical Temple.
  3412 | Temple   | Entered the Ecumenical Temple
  3584 | Temple   | Became a worshipper of Ru the Awakened
  4125 | D:5      | Noticed Pikel
  4136 | D:5      | Killed Pikel
  4136 | D:5      | Reached skill level 5 in Fighting
  4136 | D:5      | Reached skill level 5 in Dodging
  4136 | D:5      | Reached skill level 5 in Stealth
  4136 | D:5      | Reached skill level 5 in Shields
  4136 | D:5      | Reached XP level 8. HP: 45/55 MP: 8/8
  4187 | D:5      | Found a white marble altar of Elyvilon.
  4192 | D:5      | Found a bloodstained altar of Trog.
  4196 | D:5      | Found a snail-covered altar of Cheibriados.
  5044 | D:4      | Reached skill level 6 in Stealth
  5183 | D:4      | Found Cijoril's Book Emporium.
  5855 | D:6      | Reached skill level 5 in Unarmed Combat
  6248 | D:6      | Reached XP level 9. HP: 49/62 MP: 9/9
  6326 | D:6      | Reached skill level 7 in Stealth
  6334 | D:6      | Gained mutation: You are slightly vulnerable to magic.
                  | (MR-) [Ru sacrifice]
  6334 | D:6      | Reached * piety under Ru
  6529 | D:6      | Got a sparkling ivory amulet
  7025 | D:7      | Noticed Dowan
  7678 | D:7      | Found a radiant altar of Vehumet.
  7706 | D:7      | Identified the amulet "Kocata" {Inacc +Inv} (You found it
                  | on level 6 of the Dungeon)
  7762 | D:7      | Found a sparkling altar of Nemelex Xobeh.
  7766 | D:7      | Noticed Duvessa
  7780 | D:7      | Killed Duvessa
  7780 | D:7      | Reached skill level 8 in Stealth
  7904 | D:7      | Killed Dowan
  8514 | D:8      | Found a shattered altar of Ashenzari.
  8798 | D:8      | Learned a level 2 spell: Song of Slaying
  8801 | D:8      | Learned a level 2 spell: Shroud of Golubria
  8803 | D:8      | Learned a level 1 spell: Magic Dart
  8831 | D:8      | Gained mutation: You cannot study or cast Poison magic. [Ru
                  | sacrifice]
  8831 | D:8      | Gained mutation: You cannot study or cast Hexes magic. [Ru
                  | sacrifice]
  8831 | D:8      | Gained mutation: You cannot study or cast Charms magic. [Ru
                  | sacrifice]
  8831 | D:8      | Reached ** piety under Ru
  8975 | D:8      | Found an ornate altar of the Wu Jian Council.
  9101 | D:9      | Found a runed translucent door.
  9104 | D:9      | Reached XP level 10. HP: 61/69 MP: 10/10
  9302 | D:9      | Found a staircase to the Orcish Mines.
  9507 | D:9      | Reached skill level 9 in Stealth
  9764 | D:9      | Identified the +4 spear "Tumeith" {pain, rElec Str+7
                  | Stlth+}
  9782 | D:9      | Noticed emperorscorpion's ghost (novice VSSk)
 10057 | D:10     | Entered Level 10 of the Dungeon
 10081 | D:10     | Found Zial's Gadget Shoppe.
 10166 | D:10     | Found Mokhum's Food Shoppe.
 10275 | D:10     | Found a staircase to the Lair.
 10568 | D:10     | Reached skill level 10 in Stealth
 10610 | D:10     | Noticed Psyche
 10615 | D:10     | Killed Psyche
 10615 | D:10     | Reached XP level 11. HP: 55/77 MP: 11/11
 10975 | D:10     | Gained mutation: You are somewhat unskilled. (-1 Apt) [Ru
                  | sacrifice]
 10975 | D:10     | Reduced skill Stealth to level 9
 10975 | D:10     | Reached *** piety under Ru
 11074 | D:10     | Found Totwessi's Gadget Emporium.
 11305 | D:10     | Found Funo Meh's Jewellery Shoppe.
 11311 | D:10     | Bought a cursed amulet of inaccuracy for 32 gold pieces
 11406 | D:10     | Noticed Snorg
 11844 | D:10     | Found Sohut's Antique Weapon Shoppe.
 11925 | Lair:1   | Entered Level 1 of the Lair of Beasts
 12030 | Lair:1   | Reached skill level 10 in Stealth
 12084 | Lair:1   | Found a shadowy altar of Dithmenos.
 12196 | Lair:1   | Mangled by a komodo dragon

Levels and vault maps discovered:
D:1:      erik_arrival_orb_chamber, layout_basic, amethyst_killhole,
          minmay_pentomino_w4
D:2:      layout_rooms, chequers_ecumenical_altar_island
D:3:      layout_rooms, serial_undead, serial_undead_b, serial_undead_c,
          serial_undead_d, serial_undead_d, kennysheep_nondescript
D:4:      layout_loops_cross, grunt_gozag_breadcrumbs, serial_shops,
          kennysheep_little_box, shop, nicolae_shop_crystal,
          grunt_decor_resistance, uniq_ijyb, uniq_menkaure
D:5:      layout_basic, minmay_overflow_temple_star_quad,
          minmay_temple_entry_tees, first_ration, uniq_pikel
D:6:      layout_loops_corners, minmay_misc_feat_x
D:7:      layout_cave_pools, vehumet_altar_wand_db, basic_altar, uniq_duvessa
D:8:      layout_basic, kennysheep_mini, basic_altar
D:9:      layout_cave_pods, orc_0_dummy, ebering_ghost_funeral_grove,
          grunt_livestock
D:10:     layout_irregular_city, minmay_lair_entry_grove, serial_shops,
          kennysheep_mini_moat, shop_fountains, shop, nicolae_shop_behind_doors,
          nicolae_shop_temple_entry_statues_fountains, uniq_snorg, uniq_psyche
Temple:   regret_index_temple_sphere_string
Lair:1:   layout_cave_pods, basic_altar, nicolae_volcano_entry_batcave,
          lemuel_fruit_tree

Skill      XL: |  1  2  3  4  5  6  7  8  9 10 11 |
---------------+----------------------------------+-----
Stealth        | 1 2 3 4 5 6 8 10 10 | 10.1
Fighting       | 4 5 6 8 7 |  7.8
Dodging        | 4 5 6 8 7 |  7.8
Shields        | 4 5 6 8 7 |  7.8
Unarmed Combat | 3 4 5 6 7 7 |  7.4

Action                   |  1- 3 |  4- 6 |  7- 9 | 10-12 || total
-------------------------+-------+-------+-------+-------++-------
Melee: Unarmed           |    43 |       |    57 |   296 ||   396
       Constrict         |    22 |    32 |    54 |    36 ||   144
       Tentacles         |     7 |    24 |    74 |    92 ||   197
       Dagger            |    41 |   108 |   233 |       ||   382
       Punch             |     1 |     3 |     9 |    10 ||    23
 Cast: Magic Dart        |       |       |       |     2 ||     2
Invok: Sacrifice Essence |       |       |     1 |       ||     1
       Sacrifice Arcana  |       |       |     1 |       ||     1
       Draw Out Power    |       |       |       |     3 ||     3
       Sacrifice Skill   |       |       |       |     1 ||     1
 Abil: Evoke Invisibilit |       |       |     1 |       ||     1
Evoke: Wand              |       |       |     5 |    20 ||    25
  Use: Potion            |       |       |     1 |       ||     1
       Scroll            |       |       |       |    12 ||    12
 Stab: Sleeping          |     5 |     9 |    18 |     9 ||    41
       Distracted        |       |       |       |     2 ||     2
       Invisible         |       |       |       |     2 ||     2
  Eat: Chunk             |     1 |     5 |    21 |    12 ||    39
Armor: Skin              |     5 |     3 |     8 |     3 ||    19
Dodge: Dodged            |    43 |    54 |   151 |   125 ||   373
Block: Shield            |    41 |    40 |   119 |   137 ||   337

Table legend:
 A = Non-vault XP
 B = Vault XP
 C = Vault XP percentage of total XP
 D = Non-vault monster count
 E = Vault monster count
 F = Vault count percentage of total count
                 A         B        C        D         E       F
            +---------+---------+-------+---------+---------+-------
      Total |    9269 |    4057 |  30.4 |     207 |      48 |  18.8
            +---------+---------+-------+---------+---------+-------
        D:1 |      34 |      21 |  38.2 |      17 |      19 |  52.8
        D:2 |     105 |       0 |   0.0 |      22 |       0 |   0.0
        D:3 |      40 |      34 |  45.9 |      13 |       5 |  27.8
        D:4 |     529 |     201 |  27.5 |      32 |       2 |   5.9
        D:5 |     110 |     685 |  86.2 |      18 |       1 |   5.3
        D:6 |    1307 |       0 |   0.0 |      25 |       0 |   0.0
        D:7 |     883 |     228 |  20.5 |      15 |       3 |  16.7
        D:8 |     430 |       0 |   0.0 |      14 |       0 |   0.0
        D:9 |    1455 |    1220 |  45.6 |      22 |       8 |  26.7
       D:10 |    2518 |    1668 |  39.8 |      21 |      10 |  32.3
     Lair:1 |    1858 |       0 |   0.0 |       8 |       0 |   0.0
            +---------+---------+-------+---------+---------+-------
